 Dungeon Crawl Stone Soup version 0.27-a0-1046-g98bf31544f (webtiles) character file.

Game seed: 13546627098417345103

0 spiderkeys the Skirmisher (level 1, -1/19 HPs)
             Began as a Hill Orc Abyssal Knight on Apr 19, 2021.
             Was a Follower of Lugonu.
             Slain by a lich (6 damage)
             ... on level 2 of the Abyss.
             The game lasted 00:00:37 (117 turns).

spiderkeys the Skirmisher (Hill Orc Abyssal Knight)  Turns: 117, Time: 00:00:38

Health: -1/19      AC:  3    Str: 14      XL:     1   Next: 0%
Magic:  2/2        EV: 11    Int: 12      God:    Lugonu [*.....]
Gold:   20         SH:  0    Dex:  6 (10) Spells: 0/0 levels left

rFire    . . .     SeeInvis .   a - +1 hand axe
rCold    . . .     Faith    .   (no shield)
rNeg     . . .     Spirit   .   b - +0 leather armour
rPois    .         Reflect  .   (no helmet)
rElec    .         Harm     .   (no cloak)
rCorr    .         Rampage  .   (no gloves)
Will     .....                  (no boots)
Stlth    +.........             (no amulet)
HPRegen  0.06/turn              (no ring)
MPRegen  0.08/turn              (no ring)

@: no status effects
A: no striking features
a: Renounce Religion, Depart the Abyss


You were on level 2 of the Abyss.
You worshipped Lugonu.
Lugonu was aware of your devotion.
You visited 0 branches of the dungeon, and saw 0 of its levels.
You visited the Abyss 1 time.

You collected 20 gold pieces.


   Skills:
 + Level 3.6 Fighting
 + Level 2.6 Axes
 + Level 2.1 Armour
 + Level 0.7 Dodging
 + Level 2.4 Invocations


You couldn't memorise any spells.
You didn't know any spells.
Your spell library was empty.

Inventory:

Hand Weapons
 a - a +1 hand axe (weapon)
Armour
 b - a +0 leather armour (worn)

Dungeon Overview and Level Annotations

Branches:
Dungeon (0/15)

Altars:

.....#.....#....
.................
.................
.(.....Z.........
....#..X..#.....#
..###...###...##
....#.....#.....#
........5........
.........@.......
.................
..X.#.....#.....#
..###...###_..##
ยง.. #....$ ....#
.ยง ....... ....
........ ...
....... ...


You could see 2 large abominations, a quasit and a titan simulacrum.


Message History

๐Ÿค– Initializing magus.rc ... โœ… Successfully initialized magus.rc [v1.9.10] Welcome, spiderkeys the Hill Orc Abyssal Knight.
It is said that the Orb of Zot exists deep within this dungeon.
Lugonu says: Depart the Abyss and spread corruption, my servant! (use the ability menu to exit the Abyss) Press ? for a list of commands and other information.
Found two corrupted altars of Lugonu.
There is a corrupted altar of Lugonu here.
There is a corrupted altar of Lugonu here.
Found a gateway leading deeper into the Abyss.
Found a gateway leading deeper into the Abyss.
There is a gateway leading deeper into the Abyss here.
There is a gateway leading deeper into the Abyss here.
You plunge deeper into the Abyss.
Found a robe and 7 gold pieces.
Found a corrupted altar of Lugonu.
You see here a +0 robe.
c - a scroll labelled NIDDUT VUTSICW
As you read the scroll labelled NIDDUT VUTSICW, it crumbles to dust.
You feel strangely unstable.
You feel the power of the Abyss delaying your translocation!
It was a scroll of teleportation.
You are suddenly pulled into a different region of the Abyss!
You now have 20 gold pieces.
A raiju comes into view.
Unknown command.
A lich comes into view.
The lich shouts!
The lich casts a spell at itself.
The lich flickers and vanishes!
Deactivating autopickup; reactivate with Ctrl-A.
A neqoxec comes into view.
A raiju comes into view.
A quasit comes into view.
The quasit gives a chilling moan.
A large abomination comes into view.
Something conjures a glowing orb.
An orb of destruction comes into view.
The wavering orb of destruction hits the raiju!!!
The raiju is blown up!
The quasit bites you but does no damage.
The quasit claws you but does no damage. x2
You miss the quasit. The quasit bites you.
You feel clumsy.
The quasit claws you but does no damage. x2 ๐Ÿ˜• HP[-3]
You take 3 damage, and now have 16/19 hp.
Unknown command.
Something conjures a glowing orb.
The quasit bites you. The quasit closely misses you. The quasit misses you.
An orb of destruction comes into view. ๐Ÿ˜• HP[-1]
You take 1 damage, and now have 15/19 hp.
The quasit closely misses you.
The quasit claws you but does no damage. x2
A titan simulacrum comes into view.
The quasit bites you but does no damage.
The quasit claws you.
You feel clumsy. The quasit claws you.
You feel clumsy. ๐Ÿ˜ฎ HP[-2]
You take 2 damage, and now have 13/19 hp.
The orb of destruction hits a crystal wall.
The quasit bites you.
You feel clumsy. The quasit closely misses you.
The quasit misses you. ๐Ÿ˜ฎ HP[-1]
You take 1 damage, and now have 12/19 hp.
Found a corrupted altar of Lugonu.
Something touches you!
* * * LOW HITPOINT WARNING * * *
๐Ÿ˜ฑ HP[-8]
You take 8 damage, and now have 4/19 hp.
MASSIVE DAMAGE!! (PAUSE) ๐Ÿ˜จ HP[+1] Unknown command.
Something touches you.
You die...

Action                   || total
-------------------------++-------
Melee: Hand axe          ||     1
  Use: Scroll            ||     1
Armor: Leather armour    ||     8
Dodge: Dodged            ||     5

Levels and vault maps discovered:
Abyss:2:  base:
Temple

Notes
Turn   | Place    | Note
-------+----------+-------------------------------------------
     0 | Abyss:1  | spiderkeys the Hill Orc Abyssal Knight began the quest for
                  | the Orb.
     0 | Abyss:1  | Reached XP level 1. HP: 19/19 MP: 2/2
     0 | Abyss:1  | magus.rc [v1.9.10]
    31 | Abyss:2  | Found a corrupted altar of Lugonu.
    73 | Abyss:2  | Noticed a raiju
    83 | Abyss:2  | Noticed a lich
    95 | Abyss:2  | Noticed a neqoxec
    96 | Abyss:2  | Noticed a raiju
    99 | Abyss:2  | Noticed a quasit
   101 | Abyss:2  | Noticed a large abomination
   102 | Abyss:2  | Killed a raiju
   105 | Abyss:2  | Noticed a titan simulacrum
   113 | Abyss:2  | Found a corrupted altar of Lugonu.
   114 | Abyss:2  | Noticed a large abomination
   115 | Abyss:2  | HP: 4/19 [something (8)]
   117 | Abyss:2  | Slain by a lich

Vanquished Creatures (others)
  A raiju (Abyss:2)
1 creature vanquished.

Table legend:
 A = Non-vault XP
 B = Vault XP
 C = Vault XP percentage of total XP
 D = Non-vault monster count
 E = Vault monster count
 F = Vault count percentage of total count
                 A         B        C        D         E       F
            +---------+---------+-------+---------+---------+-------
      Total |       0 |       0 |   N/A |       0 |       0 |  -nan
            +---------+---------+-------+---------+---------+-------
            +---------+---------+-------+---------+---------+-------

Illustrated notes

Table legend: (Time is in decaauts)
 A = Elapsed time spent in this place.
 B = Non-inter-level travel time spent in this place.
 C = Inter-level travel time spent in this place.
 D = Time resting spent in this place.
 E = Time spent auto-exploring this place.
 F = Levels seen in this place.
 G = Mean time per level.
                   A        B        C        D        E       F      G
               +--------+--------+--------+--------+--------+-----+--------+
         Total |    117 |    117 |      0 |      0 |     15 |   2 |   58.5 |
         Abyss |    117 |    117 |      0 |      0 |     15 |   2 |   58.5 |
               +--------+--------+--------+--------+--------+-----+--------+

Top non-repeatable levels by time:
 Abyss:2: 86 daAuts
 Abyss:1: 31 daAuts
